Map: World of Sleepers LE

Players

jjjzy

  • Race: Terran Terran
  • League: Diamond
  • Spawn Location: 7:00

ViBE - Winner!

  • Race: Terran Terran
  • League: Diamond
  • Spawn Location: 1:00

VOD

Have the link to the VOD?

Description

Time

  • Played on: Dec. 18, 2019, 12:19 a.m.
  • Length: 11:14
Show
View Real Time Build Order
Export as new Build Order

jjjzy Terran 

Build Orders:  

Get SALT Encoding   

  12  0:01  SCV  
  13  0:13  SCV  
  14  0:17  Supply Depot  
  14  0:25  SCV  
  15  0:30  Refinery  
  15  0:39  SCV  
  16  0:45  Barracks  
  16  0:51  SCV  
  17  0:57  Refinery  
  17  1:03  SCV  
  18  1:15  SCV  
  19  1:32  Orbital Command  
  19  1:33  Reaper  
  19  1:38  Factory  
  20  1:45  Supply Depot  
  20  1:59  SCV  
  21  2:05  Reaper  
  22  2:11  SCV  
  23  2:21  Hellion  
  25  2:24  SCV  
  25  2:40  Barracks Reactor  
  25  2:45  Starport  
  25  2:47  Command Center  
  25  2:48  SCV  
  26  2:51  Factory Tech Lab  
  26  3:00  SCV  
  26  3:03  Supply Depot  
  27  3:12  SCV  
  28  3:23  Cyclone, Starport Tech Lab  
  28  3:24  Marine, SCV  
  33  3:36  SCV  
  33  3:45  Marine x2  
  33  3:46  Raven  
  37  3:55  SCV  
  38  4:06  Orbital Command  
  38  4:12  Barracks  
  37  4:26  Barracks  
  37  4:27  SCV, Marine x2  
  37  4:28  Siege Tank  
  43  4:36  SCV  
  44  4:39  SCV  
  43  4:46  Marine x2  
  45  4:54  SCV x2  
  47  5:02  Starport Reactor, Siege Tank  
  47  5:04  Marine x2  
  47  5:06  Refinery  
  52  5:08  Marine, Stimpack  
  52  5:13  Barracks Reactor  
  53  5:18  Engineering Bay x2  
  53  5:19  SCV  
  54  5:23  Refinery  
  54  5:31  Supply Depot x2  
  54  5:32  Marine x3  
  54  5:33  SCV  
  58  5:37  SCV  
  58  5:40  Siege Tank  
  62  5:52  Viking x2  
  66  5:58  SCV  
  66  5:59  SCV  
  68  6:04  Marine x3  
  68  6:05  Marine x2  
  68  6:10  Supply Depot  
  73  6:12  Supply Depot  
  73  6:13  SCV  
  73  6:14  SCV  
  75  6:23  Viking  
  77  6:26  SCV  
  77  6:31  SCV, Viking  
  81  6:33  Marine x3  
  81  6:34  Marine  
  81  6:35  Marine  
  81  6:39  SCV  
  87  6:41  Supply Depot  
  87  6:51  Combat Shield, Marine x2  
  87  6:54  SCV x2  
  91  7:10  SCV x2  
  91  7:11  Marine x5  
  98  7:18  Terran Infantry Weapons Level 1, Terran Infantry Armor Level 1  
  98  7:26  Command Center  
  98  7:28  SCV x2  
  86  7:48  Marine  
  86  7:49  Marine x3  
  69  7:53  Marine  
  69  7:58  Barracks  
  66  7:59  Barracks, Viking x2  
  70  8:06  Marine x2  
  70  8:07  Marine x2  
  70  8:11  Marine, SCV x2  
  77  8:24  Siege Tank  
  80  8:29  Armory, Viking x2  
  80  8:34  Marine x5  
  85  8:39  Supply Depot  
  85  8:40  SCV, Supply Depot  
  90  8:46  Orbital Command  
  90  8:51  Marine  
  90  8:52  Marine x2, Sensor Tower  
  90  8:53  SCV  
  94  8:59  SCV  
  94  9:01  Marine  
  96  9:02  Barracks Reactor  
  96  9:03  Barracks Reactor  
  96  9:05  SCV  
  96  9:06  Marine  
  96  9:09  Marine x3  
  99  9:12  Viking x2  
  99  9:14  SCV  
  99  9:15  SCV  
  107  9:17  SCV  
  108  9:36  SCV x3, Marine  
  108  9:37  Marine x4  
  115  9:42  Marine x3  
  115  9:43  Marine  
  119  9:48  Viking  
  119  9:49  Barracks  
  119  9:50  Barracks  
  121  9:53  Siege Tank  
  121  9:54  Marine x2  
  121  9:55  Marine x2  
  128  10:03  Factory  
  128  10:06  Refinery  
  128  10:07  Refinery  
  128  10:10  Supply Depot  
  128  10:11  Marine x5  
  128  10:12  Supply Depot x2  
  128  10:13  Supply Depot  
  132  10:20  Marine  
  133  10:22  Marine  
  133  10:23  Marine x2  
  133  10:25  Siege Tank  
  107  10:32  Marine x5  
  89  10:38  Marine  
  89  10:40  Marine x2  
Show
View Real Time Build Order
Export as new Build Order

ViBE Terran - Winner!

Build Orders: Reaper Expand 

Get SALT Encoding   

  12  0:01  SCV  
  13  0:13  SCV  
  14  0:18  Supply Depot  
  14  0:25  SCV  
  15  0:40  SCV  
  16  0:43  Barracks  
  16  0:47  Refinery  
  16  0:52  SCV  
  17  1:04  SCV  
  18  1:16  SCV  
  19  1:30  Orbital Command  
  19  1:31  Reaper  
  20  1:42  Command Center  
  20  1:56  SCV  
  22  2:08  SCV  
  22  2:11  Factory  
  22  2:15  Supply Depot  
  22  2:20  SCV  
  24  2:37  SCV  
  24  2:41  Barracks Reactor  
  24  2:44  Refinery  
  24  2:49  SCV  
  25  2:54  Orbital Command  
  25  2:57  Factory Tech Lab  
  25  3:01  SCV  
  25  3:13  SCV, Starport  
  25  3:17  Marine x2  
  27  3:22  SCV  
  27  3:25  SCV  
  27  3:34  SCV  
  27  3:37  SCV  
  27  3:39  Siege Tank  
  28  3:46  SCV  
  28  3:47  Marine x2  
  31  3:49  SCV  
  32  3:58  SCV  
  32  4:01  SCV  
  33  4:10  SCV  
  33  4:14  SCV  
  34  4:22  SCV  
  34  4:26  SCV  
  35  4:33  Marine x2, Siege Tank  
  35  4:34  SCV, Medivac  
  35  4:38  SCV  
  44  4:39  Command Center  
  44  4:46  SCV  
  44  4:50  SCV  
  46  4:57  Barracks  
  46  4:59  Barracks  
  46  5:04  Supply Depot x2  
  46  5:07  Supply Depot  
  46  5:23  Starport Reactor, Engineering Bay  
  46  5:25  Marine x2  
  46  5:26  SCV x2, Siege Tank  
  53  5:29  Supply Depot  
  53  5:38  SCV x2  
  55  5:46  Barracks Tech Lab  
  55  5:47  Barracks Tech Lab  
  55  5:50  Marine x2, SCV x2  
  55  5:51  Orbital Command  
  59  5:58  Terran Infantry Weapons Level 1  
  59  6:02  SCV x2  
  64  6:04  Refinery  
  64  6:05  Refinery  
  64  6:07  Marine  
  64  6:08  Marine  
  64  6:09  Combat Shield  
  64  6:10  Marine x2, Stimpack  
  65  6:12  Orbital Command  
  65  6:14  SCV x2  
  67  6:25  Marine  
  67  6:26  SCV x2, Sensor Tower  
  67  6:32  Marine  
  70  6:33  Marine x2  
  70  6:36  Medivac  
  70  6:38  SCV x2  
  77  6:41  SCV  
  77  6:43  Marine  
  79  6:50  Marine x2, SCV x2  
  79  6:52  Marine  
  79  6:53  Siege Tank  
  79  6:54  SCV, Medivac  
  88  7:01  Marine  
  90  7:07  Barracks  
  90  7:08  Marine  
  91  7:09  Barracks  
  91  7:11  Barracks, Engineering Bay  
  91  7:12  Armory  
  92  7:18  SCV  
  93  7:30  SCV x3  
  93  7:32  Supply Depot x2  
  93  7:33  Supply Depot  
  95  7:42  SCV  
  96  7:47  Marine  
  96  7:48  Marine x3  
  96  7:49  Medivac x2, Siege Tank  
  100  7:55  SCV  
  100  7:56  SCV x2  
  100  7:59  Barracks Reactor x3  
  100  8:04  Terran Infantry Weapons Level 2  
  100  8:05  Marine x3  
  100  8:06  Marine  
  100  8:08  Refinery  
  100  8:09  Refinery  
  104  8:16  Terran Infantry Armor Level 1  
  104  8:17  Command Center  
  104  8:22  Terran Vehicle Weapons Level 1  
  104  8:23  Marine  
  105  8:34  Marine x2  
  105  8:35  Marine x2  
  105  8:36  Marine x5  
  105  8:41  Marine, Siege Tank  
  114  8:42  Supply Depot x3, Medivac  
  114  8:46  SCV x2  
  122  8:49  SCV  
  122  8:52  Marine  
  124  8:58  SCV, Supply Depot x2  
  125  9:03  SCV x2  
  125  9:04  Marine x6  
  125  9:05  Marine x2  
  125  9:09  Supply Depot  
  136  9:10  Marine  
  136  9:15  Medivac x2, Siege Tank  
  144  9:22  Marine, Factory  
  144  9:26  Barracks Reactor  
  144  9:36  Planetary Fortress  
  144  9:37  SCV x3  
  146  9:39  Marine x8  
  146  9:40  Marine  
  146  9:45  Medivac x2  
  157  9:47  Siege Tank  
  162  9:55  SCV x3  
  162  9:56  Marine  
  166  10:01  Supply Depot  
  166  10:02  Supply Depot  
  165  10:25  Marine x6  
  165  10:26  Marine x5, Siege Tank x2  
  165  10:27  Medivac x2  
  185  10:34  SCV x4  
  181  10:43  Marine x11  
  181  10:46  SCV x2  
Tags
 
Add a new tag
Caveats
  • Supply blocks, unpowered buildings, or Contaminate may cause inaccurate times.
  • Supply counts are checked every 10 seconds.